 Dungeon Crawl Stone Soup version 0.29-a0-902-g0f71de6fce (webtiles) character file.

Game seed: 1974143052844985721

336 Malachi the Ruffian (level 6, -2/54 HPs)
             Began as a Troll Transmuter on July 24, 2022.
             Slain by an ogre
             ... wielding a +0 giant club
              (31 damage)
             ... on level 4 of the Dungeon.
             The game lasted 00:04:08 (2345 turns).

Malachi the Ruffian (Troll Transmuter)              Turns: 2345, Time: 00:04:08

Health: -2/54      AC:  4    Str: 19    XL:     6   Next: 28%
Magic:  5/6        EV:  9    Int: 11    God:
Gold:   206        SH:  0    Dex: 10    Spells: 6/7 levels left

rFire   . . .      SeeInvis .     - Unarmed
rCold   . . .      Faith    .   (no shield)
rNeg    . . .      Spirit   .   a - +0 robe
rPois   .          Reflect  .   (helmet currently unavailable)
rElec   .          Harm     .   (no cloak)
rCorr   +          Rampage  .   (gloves unavailable)
Will    .....                   (boots unavailable)
Stlth   +.........              (no amulet)
HPRegen 0.98/turn               i - ring of resist corrosion
MPRegen 0.10/turn               (no ring)

@: appendages
A: horns 2, talons 2, large, unfitting armour, claws 3, regeneration 1, shaggy
fur 1, tough skin 1
a: End Transformation


You were on level 4 of the Dungeon.
You had temporarily grown beastly horns and talons.
You visited 1 branch of the dungeon, and saw 4 of its levels.
You also visited: Sewer.

You collected 206 gold pieces.

Inventory:

Missiles
 q - 10 poisoned darts
Armour
 a - a +0 robe (worn)
Jewellery
 i - a ring of resist corrosion (left claw)
Wands
 e - a wand of roots (4)
Scrolls
 g - a scroll of teleportation
Potions
 b - a potion of lignification
 c - 3 potions of haste
 d - a potion of flight
 j - 3 potions of curing
 l - 2 potions of resistance
 m - 2 potions of mutation {unknown}
 n - a potion of might {unknown}
 o - a potion of magic {unknown}
 p - a potion of invisibility {unknown}


   Skills:
 - Level 0.8 Fighting
 - Level 1.6 Dodging
 + Level 7.0 Unarmed Combat
 - Level 1.2 Spellcasting
 - Level 1.4 Transmutations


You had 6 spell levels left.
You knew the following spells:

 Your Spells              Type           Power      Damage    Failure   Level
a - Beastly Appendage     Tmut           6%         N/A       17%         1

Your spell library contained the following spells:

 Spells                   Type           Power      Damage    Failure   Level
 Wereblood                Tmut           3%         N/A       26%         2
 Necrotise                Necr           0%         1d4       32%         1
 Ensorcelled Hibernation  Hex/Ice        0%         N/A       43%         2
 Spider Form              Tmut/Pois      2%         N/A       56%         3
 Vampiric Draining        Necr           0%         2d6       67%         3
 Ice Form                 Ice/Tmut       2%         N/A       93%         4
 Anguish                  Hex/Necr       0%         N/A       97%         4
 Olgreb's Toxic Radiance  Pois           0%         N/A       97%         4
 Agony                    Necr           0%         N/A       100%        5
 Ozocubu's Refrigeration  Ice            0%         4d5       100%        7
 Ignition                 Fire           0%         3d3       100%        8


Dungeon Overview and Level Annotations

Branches:
Dungeon (4/15)              Sewer (visited)
 Temple: D:4-7

Altars:

Shops:
D:2 !(((*


Innate Abilities, Weirdness & Mutations

You have temporarily grown beastly horns and talons.
You are too large for most types of armour.
You have claws for hands.
Your natural rate of healing is unusually fast.
You are covered in fur. (AC +1)
You have tough skin. (AC +1)


Message History

No target in view!
No target in view!
No target in view!
No target in view!
No target in view!
No target in view!
No target in view!
You pick up a book of Dreams and begin reading...
You add the spells Ensorcelled Hibernation and Anguish to your library.
Things that are here:
a +0 club; 2 boomerangs of dispersal
Things that are here:
a +0 hand axe; a +0 club; an orc corpse
There is a stone staircase leading up here.
An ogre comes into view. It is wielding a +0 giant club.
The ogre shouts!
An ogre is nearby!
An ogre is nearby!
Found 4 gold pieces.
You barely miss the ogre. The ogre closely misses you.
You scratch the ogre.
The ogre is lightly wounded.
You claw the ogre!
The ogre is severely wounded.
The ogre hits you with a +0 giant club!!
Ouch! That really hurt!
You are too injured to fight recklessly!
You are too injured to fight recklessly!
You are too injured to fight recklessly!
You are too injured to fight recklessly!
You are too injured to fight recklessly!
You are too injured to fight recklessly!
You are too injured to fight recklessly!
You are too injured to fight recklessly!
Casting: Beastly Appendage (safe; 17% risk of failure)
Press: ? - help, Q - select action, (/) - cycle Dir - look around, f - activate You grow a pair of large bovine horns.
Your feet morph into talons.
The ogre hits you with a +0 giant club!!
Ouch! That really hurt!
You die...

#...# #...#
#..)# ###)#
#<# #.# #.#
#.# #@# #O#
#.#
#.#######..
#..........
#########.$


You could see an ogre.

Vanquished Creatures
  2 kobold brigands (Sewer)
  A hound (D:3)
  Robin (D:3)
  4 gnolls (D:2)
  3 adders
  2 worms (D:2)
  3 orcs (D:4)
  5 ball pythons
  8 endoplasms
  3 giant cockroaches
  18 goblins
  9 hobgoblins
  16 kobolds
  7 bats
  3 frilled lizards
  6 rats
91 creatures vanquished.

Notes
Turn   | Place    | Note
-------+----------+-------------------------------------------
     0 | D:1      | Malachi the Troll Transmuter began the quest for the Orb.
     0 | D:1      | Reached XP level 1. HP: 18/18 MP: 1/1
   131 | D:1      | Reached XP level 2. HP: 26/26 MP: 2/2
   140 | D:1      | Found a faded altar of an unknown god.
   530 | D:2      | Found Tyuvy's Antique Weapon Boutique.
   555 | D:2      | Found Ciynt's Antique Weapon Shoppe.
   668 | D:2      | Reached skill level 4 in Unarmed Combat
   670 | D:2      | Reached XP level 3. HP: 17/32 MP: 3/3
   743 | D:2      | Found Raehex's Antique Weapon Emporium.
   747 | D:2      | Reached XP level 4. HP: 40/40 MP: 4/4
   787 | D:2      | Found Zuruph's General Store.
   964 | D:2      | Found Mijugik's Distillery.
  1201 | D:3      | Reached skill level 5 in Unarmed Combat
  1301 | D:3      | Reached XP level 5. HP: 45/46 MP: 5/5
  1311 | D:3      | Noticed Robin
  1321 | D:3      | Killed Robin
  1647 | D:3      | Found a glowing drain.
  1672 | Sewer    | Entered a sewer
  1736 | Sewer    | Reached skill level 6 in Unarmed Combat
  1942 | Sewer    | Reached skill level 7 in Unarmed Combat
  1942 | Sewer    | Reached XP level 6. HP: 38/54 MP: 4/6
  2345 | D:4      | Slain by an ogre

Illustrated notes

Levels and vault maps discovered:
D:1:      lemuel_arrival_rhombus, layout_basic, basic_ecumenical_altar
D:2:      layout_rooms, serial_shops, nicolae_shop_window_shopping, shop,
          nicolae_shop_stone, nicolae_diamond_shop, shop
D:3:      layout_rooms, portal_sewer_entry_d, uniq_robin
D:4:      layout_loops_ring, nicolae_vehumet_radiance, grunt_decor_fettered

Skill      XL: |  1  2  3  4  5 |
---------------+----------------+-----
Unarmed Combat | 4 5 7 |  7.0
Fighting       | |  0.8
Dodging        | |  1.6
Spellcasting   | |  1.2
Transmutations | |  1.4

Action                   |  1- 3 |  4- 6 || total
-------------------------+-------+-------++-------
Melee: Unarmed           |    82 |   169 ||   251
       Punch             |     1 |     4 ||     5
       Kick              |       |     5 ||     5
       Headbutt          |       |     4 ||     4
 Cast: Beastly Appendage |       |     6 ||     6
  Use: Scroll            |       |    13 ||    13
 Stab: Sleeping          |       |     1 ||     1
Armor: Robe              |    18 |    66 ||    84
Dodge: Dodged            |    44 |    74 ||   118

Table legend: (Time is in decaauts)
 A = Elapsed time spent in this place.
 B = Non-inter-level travel time spent in this place.
 C = Inter-level travel time spent in this place.
 D = Time resting spent in this place.
 E = Time spent auto-exploring this place.
 F = Levels seen in this place.
 G = Mean time per level.
                   A        B        C        D        E       F      G
               +--------+--------+--------+--------+--------+-----+--------+
         Total |   2346 |   2268 |     78 |    300 |   1382 |   5 |  469.2 |
       Dungeon |   2036 |   1958 |     78 |    300 |   1197 |   4 |  509.0 |
         Sewer |    310 |    310 |      0 |      0 |    185 |   1 |  310.0 |
               +--------+--------+--------+--------+--------+-----+--------+

Top non-repeatable levels by time:
     D:3: 868 daAuts
     D:2: 601 daAuts
     D:1: 528 daAuts
   Sewer: 310 daAuts
     D:4: 38 daAuts
